 Dungeon Crawl Stone Soup version 0.15-a0-33-ga435e27 (webtiles) character file.

303 Kae the Firebug (level 4, -1/24 HPs)
             Began as a Tengu Fire Elementalist on Apr 1, 2014.
             Slain by Sachiko's ghost (9 damage)
             ... on Level 3 of the Dungeon.
             The game lasted 00:04:20 (2702 turns).

Kae the Firebug (Tengu Fire Elementalist)           Turns: 2702, Time: 00:04:20

HP  -1/24        AC  2     Str  8      XL: 4   Next: 68%
MP   4/9         EV 13     Int 16      God:
Gold 206         SH  0     Dex 15      Spells:  3 memorised,  2 levels left

rFire  + . .     SeeInvis .     n - staff of fire
rCold  . . .     Clarity  .     a - +0 robe
rNeg   . . .     Conserve .     (no shield)
rPois  .         rCorr    .     (helmet restricted)
rElec  .         rRot     .     (no cloak)
SustAb . .       Spirit   .     (no gloves)
rMut   .         Warding  .     (boots unavailable)
Saprov . . .     Stasis   .     (no amulet)
MR     .....                    (no ring)
                                (no ring)

@: not resistant to hostile enchantments, fairly stealthy
A: beak, talons 3
a: no special abilities


You were on level 3 of the Dungeon.
You were very hungry.

You visited 1 branch of the dungeon, and saw 3 of its levels.

You collected 206 gold pieces.

Inventory:

Armour
 a - a +0 robe (worn)
Comestibles
 c - a bread ration
 k - a meat ration
 o - an apricot
 r - a lychee
Scrolls
 d - a scroll of enchant weapon I
 f - 2 scrolls of noise
 g - 2 scrolls of identify
 h - 2 scrolls of remove curse
 l - 2 scrolls of blinking
 m - 2 scrolls of teleportation
Potions
 e - a potion of lignification
 i - a potion of brilliance
 p - a potion of curing {unknown}
 s - 2 potions of might {unknown}
 t - a potion of restore abilities {unknown}
Books
 b - a book of Flames

   Spells                             Type                      Level
   *Flame Tongue                      Conjuration/Fire             1
   *Throw Flame                       Conjuration/Fire             2
   *Conjure Flame                     Conjuration/Fire             3
   Inner Flame                        Hexes/Fire                   3
   Sticky Flame                       Conjuration/Fire             4
   Fireball                           Conjuration/Fire             5
Magical staves
 n - an uncursed staff of fire (weapon)


   Skills:
 + Level 2.6 Dodging
 + Level 2.4 Stealth
 + Level 0.4 Unarmed Combat
 + Level 2.7 Spellcasting
 + Level 2.6 Conjurations
 + Level 4.2 Fire Magic


You had 2 spell levels left.
You knew the following spells:

 Your Spells              Type           Power        Failure   Level  Hunger
a - Flame Tongue          Conj/Fire      ###..        6%          1    #......
b - Throw Flame           Conj/Fire      ###...       10%         2    ##.....
c - Conjure Flame         Conj/Fire      ###.....     14%         3    ###....


Dungeon Overview and Level Annotations

Branches:
Dungeon (3/15)

Altars:
Makhleb
Okawaru

Annotations:
D:3 Sachiko's ghost, average MiFi


Innate Abilities, Weirdness & Mutations

You have a beak for a mouth.
You have claws for feet.


Message History

Sachiko's ghost misses you.
Casting: Flame Tongue
Confirm with . or Enter, or press ? or * to list all spells.
Aiming: Flame Tongue
Press: ? - help, Shift-Dir - straight line, f/p - Sachiko's ghost
Aim: Sachiko's ghost (heavily damaged)
You feel a surge of power!
The flame hits Sachiko's ghost.
Sachiko's ghost is severely damaged.
Sachiko's ghost hits you!
Ouch! That really hurt!
Casting: Flame Tongue
Confirm with . or Enter, or press ? or * to list all spells.
Aiming: Flame Tongue
Press: ? - help, Shift-Dir - straight line, f/p - Sachiko's ghost
Aim: Sachiko's ghost (severely damaged)
You feel a surge of power!
The flame hits Sachiko's ghost.
Sachiko's ghost appears unharmed.
Sachiko's ghost is severely damaged.
Sachiko's ghost hits you!
You die...

,,,,,,,,,,,,.......##.......%....
>,,,,,,,, , ,..............%.....
,** **,******#.....##.......<....
* *,#######.#................. ,*
*.........(...##........#### ,*
**#######.#%..##.#......#... ,*
#####.#............##.## ,*
#.....#.#......##..##.# ,**
##.#....@........#..##.# , *
#.....#p#####.#..#..##.# ,*
#.....#.#####.#..#..##.# ,,*
#.............#.)#..##.# ,,*
#...........#.#..#..##.# ,,*
#...........#.......##.##
,##########........#.#..##....).
.#.....# #....%...###..##.#####
..#.....####..............%......


You could see Sachiko's ghost.

Vanquished Creatures
  Jessica (D:2)
  3 adders
  A gnoll (D:1)
  A ball python (D:2)
  7 bats
  6 goblins
  5 hobgoblins
  2 jackals (D:3)
  6 kobolds
  5 giant cockroaches
  4 giant newts
  5 rats
46 creatures vanquished.

Notes
Turn   | Place    | Note
--------------------------------------------------------------
     0 | D:1      | Kae, the Tengu Fire Elementalist, began the quest for the Orb.
     0 | D:1      | Reached XP level 1. HP: 10/10 MP: 3/3
   336 | D:1      | Reached XP level 2. HP: 15/15 MP: 0/5
   927 | D:1      | Reached XP level 3. HP: 19/19 MP: 4/7
  1287 | D:2      | Reached skill level 4 in Fire Magic
  1387 | D:2      | Found an iron altar of Okawaru.
  1473 | D:2      | Found a burning altar of Makhleb.
  1528 | D:2      | Learned a level 2 spell: Throw Flame
  1532 | D:2      | Learned a level 3 spell: Conjure Flame
  1558 | D:2      | Noticed Jessica
  1565 | D:2      | Killed Jessica
  1565 | D:2      | Reached XP level 4. HP: 24/24 MP: 5/9
  1791 | D:3      | Noticed Sachiko's ghost (average MiFi)
  2702 | D:3      | Slain by Sachiko's ghost

Action                   |  1- 3 |  4- 6 || total
-------------------------+-------+-------++-------
Melee: Unarmed           |    17 |       ||    17
       Staff             |       |    13 ||    13
 Cast: Flame Tongue      |    35 |    48 ||    83
       Throw Flame       |     1 |       ||     1
       Conjure Flame     |       |     2 ||     2
  Use: Scroll            |     2 |     8 ||    10
 Stab: Sleeping          |       |     1 ||     1
